AoeStats
← Jairzin

Black Forest

509664040Analyzed
4v4 RM · 5d ago on Sep 27, 2026· 36m 11s· 8 players
Game mode
Random Map
Map size
Large (8 player)
Population
200
Speed
Normal
Resources
Standard
Victory
Conquest
Starting age
Dark Age
Ending age
Imperial Age
RankedLock teamsTeams togetherTeam positionsShared explorationLock speedFull tech treeHidden civsTurbo modeCheats
Victory
Defeat
🇲🇽 Persians · Mexico
1087
+14
🇪🇨 Khmer · Ecuador
1086
+14
🇲🇽 Goths · Mexico
1080
+14
🇨🇴 Koreans · Colombia
1069
+16
🇨🇦 Mongols · Canada
1098
-16
🇷🇺 Persians · Russia
1031
-14
🇧🇷 Khmer · Brazil
1029
-14
🇧🇷 Aztecs · Brazil
1028
-14
Richardodjr
0:37 Loom
13:03 Feudal Age
17:07 Castle Age
16:27 Double-Bit Axe
17:24 Man-at-Arms
21:45 Horse Collar
24:23 Wheelbarrow
25:49 Long Swordsman
27:45 Squires
29:03 Scale Mail Armor
29:39 Bow Saw
30:01 Forging
29:50 Pikeman
31:17 Gold Mining
31:49 Heavy Plow
33:38 Hand Cart
34:51 Iron Casting
34:31 Chain Mail Armor
35:46 Anarchy
38:26 Imperial Age
35:45 Town Watch
36:45 Town Patrol
Oogway
4:58 Loom
6:47 Loom
10:47 Feudal Age
14:13 Castle Age
12:45 Horse Collar
13:23 Double-Bit Axe
15:20 Bow Saw
21:13 Wheelbarrow
20:48 Stone Mining
23:17 Heavy Plow
24:04 Town Watch
24:33 Gold Mining
26:35 Gold Shaft Mining
26:55 Careening
27:19 Hand Cart
27:47 Stone Shaft Mining
30:45 Imperial Age
28:35 Town Patrol
29:22 Masonry
30:01 Forging
29:56 Scale Barding Armor
31:14 Ballistics
31:35 Iron Casting
30:41 Elite War Elephant
32:11 Crop Rotation
32:57 Two-Man Saw
32:37 Chain Barding Armor
32:47 Conscription
34:43 Blast Furnace
34:30 Plate Barding Armor
35:11 Chemistry
Neor2526
5:01 Loom
10:32 Feudal Age
12:23 Fletching
15:04 Wheelbarrow
20:37 Castle Age
19:46 Double-Bit Axe
19:43 Horse Collar
26:32 Imperial Age
24:43 Gold Mining
26:29 Hand Cart
28:06 Gold Shaft Mining
27:45 Bow Saw
28:39 Conscription
29:25 Chemistry
34:44 Bodkin Arrow
35:18 Heavy Plow
LA MAQUINA SANCHEZ
11:51 Feudal Age
17:39 Castle Age
16:36 Double-Bit Axe
16:34 Horse Collar
16:47 Gold Mining
23:16 Wheelbarrow
24:11 Bloodlines
24:02 Husbandry
25:01 Heavy Plow
25:28 Scale Barding Armor
27:12 Forging
30:01 Gold Shaft Mining
29:18 Stone Mining
31:22 Chain Barding Armor
31:00 Loom
34:04 Imperial Age
32:10 Caravan
35:12 Hand Cart
34:44 Town Watch
34:25 Elite Battle Elephant
36:38 Plate Barding Armor
36:05 Padded Archer Armor
36:37 Crop Rotation
36:51 Conscription
MrsCrow
0:51 Loom
11:32 Feudal Age
16:45 Castle Age
14:57 Fletching
18:54 Double-Bit Axe
25:04 Horse Collar
Harkonnen
1:26 Loom
10:24 Feudal Age
14:18 Castle Age
12:38 Double-Bit Axe
12:45 Horse Collar
25:59 Bow Saw
25:57 Heavy Plow
28:21 Wheelbarrow
27:32 Town Watch
31:45 Imperial Age
30:57 Hand Cart
Jairzin
13:05 Feudal Age
13:53 Double-Bit Axe
13:53 Horse Collar
18:37 Castle Age
16:42 Stone Mining
19:27 Heavy Plow
19:41 Bow Saw
26:50 Forging
26:55 Pikeman
27:38 Squires
C м м
1:44 Loom
11:13 Feudal Age
18:19 Castle Age
16:55 Double-Bit Axe
26:09 Wheelbarrow
32:29 Ballistics
35:45 Imperial Age
35:50 Elite Ballista Elephant
Connection lost

Rejoining the realm…

Still unreachable

The connection could not be restored.

Session expired

The server has moved on; the page needs a fresh start.